 Dungeon Crawl Stone Soup version 0.23.2-33-g5129a83184 (webtiles) character file.

Game seed: 16109666545083013269

238 Meegle the Magician (level 5, -3/28 HPs)
             Began as a Deep Elf Fire Elementalist on July 24, 2019.
             Slain by Grinder (4 damage)
             ... on level 4 of the Dungeon.
             The game lasted 00:07:57 (2992 turns).

Meegle the Magician (Deep Elf Fire Elementalist)    Turns: 2992, Time: 00:07:58

Health: -3/28      AC:  2    Str:  5    XL:     5   Next: 78%
Magic:  4/15       EV: 13    Int: 21    God:
Gold:   149        SH:  8    Dex: 15    Spells: 6/16 levels left

rFire    . . .     SeeInvis .   d - +2 short sword (venom)
rCold    . . .     Gourm    .   (no shield)
rNeg     . . .     Faith    .   a - +0 robe
rPois    .         Spirit   .   (no helmet)
rElec    .         Reflect  +   (no cloak)
rCorr    .         Harm     .   (no gloves)
MR       .....                  (no boots)
Stlth    ++........             f - brooch of Shielding {Reflect SH+8}
HPRegen  0.09/turn              (no ring)
MPRegen  0.14/turn              (no ring)

@: very slightly contaminated
A: no striking features
a: no special abilities


You were on level 4 of the Dungeon.
You were not hungry.

You visited 1 branch of the dungeon, and saw 4 of its levels.

You collected 149 gold pieces.

Inventory:

Hand Weapons
 d - a +2 short sword of venom (weapon)
Armour
 a - a +0 robe (worn)
 e - a scarf of repulsion
 m - a cursed -1 robe
 q - a +0 pair of gloves
Jewellery
 f - the brooch of Shielding (around neck) {Reflect SH+8}
   (You found it on level 4 of the Dungeon)

   [amulet of reflection]

   It shields you and reflects attacks.
   It affects your SH (+8).
 o - a cursed amulet of inaccuracy {unknown}
Scrolls
 b - 2 scrolls of teleportation {unknown}
 h - 5 scrolls of identify {unknown}
 i - a scroll of remove curse {unknown}
 l - a scroll of enchant weapon {unknown}
 n - a scroll of amnesia {unknown}
Potions
 g - 2 potions of ambrosia {unknown}
 j - a potion of heal wounds {unknown}
 k - a potion of invisibility {unknown}
 p - 2 potions of curing {unknown}
 r - a potion of agility
Comestibles
 c - 5 rations
 s - 2 chunks of flesh


   Skills:
 + Level 0.1 Fighting
 + Level 3.0 Dodging
 + Level 3.1 Stealth
 + Level 6.1 Spellcasting
 + Level 2.4 Conjurations
 + Level 4.5 Fire Magic


You had 6 spell levels left.
You knew the following spells:

 Your Spells              Type           Power        Failure   Level  Hunger
a - Flame Tongue          Conj/Fire      ###..        2%          1    None
b - Throw Flame           Conj/Fire      ###...       3%          2    None
c - Conjure Flame         Conj/Fire      ###.....     7%          3    ##.....
d - Sticky Flame          Conj/Fire      ###.....     24%         4    ####...

Your spell library contained the following spells:

 Spells                   Type           Power        Failure   Level  Hunger
 Confusing Touch          Hex            #.....       10%         1    None
 Inner Flame              Hex/Fire       ###.....     12%         3    ##.....
 Confuse                  Hex            #.......     28%         3    ##.....
 Gell's Gravitas          Tloc           #.........   28%         3    ##.....
 Fireball                 Conj/Fire      ###.......   54%         5    #####..
 Petrify                  Tmut/Erth      #.......     67%         4    ####...
 Metabolic Englaciation   Hex/Ice        #.........   95%         5    #####..
 Yara's Violent Unravell  Hex/Tmut       #.........   95%         5    #####..


Dungeon Overview and Level Annotations

Branches:
Dungeon (4/15)
 Temple: D:4-7

Altars:
Cheibriados
Beogh

Annotations:
D:3 3 runed translucent doors, 1 exclusion, Sigmund; t4s4d4r's ghost, weakling OgTm
D:4 Eustachio; Grinder


Message History

Confirm with . or Enter, or press ? or * to list all spells.
Aiming: Flame Tongue (safe; 2% risk of failure)
Press: ? - help, Shift-Dir - straight line, f/p - Grinder
Aim: Grinder (moderately wounded, covered in liquid flames, unusually agile)
The flame tongue hits Grinder.
Grinder is heavily wounded.
Grinder burns!
Grinder gestures at you. You resist with significant effort.
Casting: Flame Tongue (safe; 2% risk of failure)
Confirm with . or Enter, or press ? or * to list all spells.
Aiming: Flame Tongue (safe; 2% risk of failure)
Press: ? - help, Shift-Dir - straight line, f/p - Grinder
Aim: Grinder (heavily wounded, covered in liquid flames, unusually agile)
The flame tongue hits Grinder!
Grinder is severely wounded.
Grinder burns!
Grinder hits you.
* * * LOW HITPOINT WARNING * * *
You writhe in agony.
You die...

#.# #.#.### #.##
#.#...' #..### #.#####
#..#.# ### #.# #
#....# #.# #(#
######.##.# #.# #.#
#)...5.....# #.####.#
#.#..#####5# #......#
.........@.####.######
..#..####.......# .
#.#####.# #.# #)# #.#
#.# #.. ..# ### ###


You could see Grinder (burning).

Vanquished Creatures
  A bullfrog (D:4)
  2 orc priests (D:4)
  A worker ant (D:3)
  2 adders (D:2)
  A worm (D:3)
  3 dart slugs (D:2)
  A leopard gecko (D:2)
  6 orcs
  5 bats
  5 giant cockroaches
  7 goblins
  3 hobgoblins
  9 kobolds
  2 quokkas
  3 frilled lizards
  11 rats
62 creatures vanquished.

Notes
Turn   | Place    | Note
-------+----------+-------------------------------------------
     0 | D:1      | Meegle the Deep Elf Fire Elementalist began the quest for
                  | the Orb.
     0 | D:1      | Reached XP level 1. HP: 10/10 MP: 6/6
   153 | D:1      | Reached XP level 2. HP: 15/15 MP: 6/8
   868 | D:2      | Reached XP level 3. HP: 19/19 MP: 8/10
   872 | D:2      | Learned a level 2 spell: Throw Flame
   876 | D:2      | Learned a level 3 spell: Conjure Flame
  1161 | D:2      | Reached skill level 4 in Spellcasting
  1881 | D:2      | Found a snail-covered altar of Cheibriados.
  2009 | D:3      | Found a runed translucent gate.
  2009 | D:3      | Found a runed translucent gate.
  2009 | D:3      | Found a runed translucent gate.
  2009 | D:3      | Noticed t4s4d4r's ghost (weakling OgTm)
  2013 | D:3      | Found a roughly hewn altar of Beogh.
  2021 | D:3      | Reached XP level 4. HP: 24/24 MP: 8/12
  2237 | D:3      | Noticed Sigmund
  2245 | D:3      | Learned a level 4 spell: Sticky Flame
  2521 | D:4      | Found the brooch of Shielding {Reflect SH+8}
  2603 | D:4      | Noticed Eustachio
  2686 | D:3      | Reached skill level 5 in Spellcasting
  2765 | D:4      | Reached XP level 5. HP: 28/28 MP: 5/14
  2891 | D:4      | Reached skill level 6 in Spellcasting
  2977 | D:4      | Noticed Grinder
  2992 | D:4      | HP: 1/28 [Grinder (6)]
  2992 | D:4      | Slain by Grinder

Skill      XL: |  1  2  3  4  5 |
---------------+----------------+-----
Dodging        | 3 |  3.0
Spellcasting   | 4 5 6 |  6.1
Stealth        | 3 |  3.1
Fire Magic     | 4 |  4.5
Conjurations   | 2 |  2.4
Fighting       | |  0.1

Action                   |  1- 3 |  4- 6 || total
-------------------------+-------+-------++-------
 Cast: Flame Tongue      |    65 |    25 ||    90
       Throw Flame       |     7 |    18 ||    25
       Conjure Flame     |     1 |       ||     1
       Sticky Flame      |       |     2 ||     2
  Eat: Chunk             |     3 |     4 ||     7
Armor: Robe              |     1 |     2 ||     3
Dodge: Dodged            |    17 |     6 ||    23
Block: Other             |       |     1 ||     1
